[ AOE2 MATCH · #495346349 ]
UnrankedAztecs vs Koreans
Player's team · LOSS
Rival team · WIN
[ REPLAY ANALYSIS · EXTRACTED FROM THE RECORDED GAME ]
Feudal
11:00
Castle
21:28
Imperial
—
| APM avg | 42.7 |
| APM peak | 63 |
| eAPM avg | 22.5 |
| Villagers / military | 57 / 68 |
Focus
⚔️ 39.1% · 🌾 60.9%
Militia ×53 · Unknown (2626) ×16 · Fishing Ship ×13 · Archer ×3 · Skirmisher ×3 · Battering Ram ×3
Feudal
9:49
Castle
16:32
Imperial
—
| APM avg | 41.8 |
| APM peak | 82 |
| eAPM avg | 22.7 |
| Villagers / military | 94 / 62 |
Focus
⚔️ 44.0% · 🌾 56.0%
Fire Lancer ×54 · Fishing Ship ×12 · Unknown (2626) ×3 · Scorpion ×2 · Fire Galley ×2 · Turtle Ship ×2
Match map
Initial resources + every placement click. Lines = walls · curves = elevation contours. ◆ gold · ⬟ stone · ● berries · ✦ relic · ◌ wall gap
Your base· Open — 12t gap
VLC | DeaH's base· ✓ Closed at 16:32 · 35t walls · 1 gate(s)
Smoothed initial terrain · ◌ = detected wall gap · hover for details
Inputs per minute
— AOKI_Baobab - - VLC | DeaH
Build order — AOKI_Baobab
First 150 of 247 actions detected
| 0:01 | Create | Villager (Male) |
| 0:01 | Create | Villager (Male) |
| 0:01 | Create | Villager (Male) |
| 0:02 | Build | House |
| 0:04 | Build | House |
| 0:25 | Create | Villager (Male) |
| 1:27 | Create | Villager (Male) |
| 1:46 | Build | Lumber Camp |
| 2:09 | Create | Villager (Male) |
| 2:21 | Create | Villager (Male) |
| 2:51 | Create | Villager (Male) |
| 3:17 | Create | Villager (Male) |
| 3:29 | Research | Loom |
| 3:35 | Build | House |
| 3:49 | Create | Villager (Male) |
| 3:59 | Create | Villager (Male) |
| 4:39 | Create | Villager (Male) |
| 4:52 | Create | Villager (Male) |
| 4:58 | Build | Dock |
| 5:03 | Build | Palisade Wall |
| 5:05 | Build | Palisade Wall |
| 5:34 | Build | House |
| 5:44 | Create | Fishing Ship |
| 5:50 | Create | Villager (Male) |
| 6:17 | Create | Villager (Male) |
| 6:22 | Create | Villager (Male) |
| 6:26 | Create | Fishing Ship |
| 6:37 | Create | Villager (Male) |
| 6:38 | Create | Villager (Male) |
| 6:40 | Create | Fishing Ship |
| 7:12 | Create | Villager (Male) |
| 7:15 | Build | House |
| 7:17 | Build | Palisade Wall |
| 8:01 | Create | Villager (Male) |
| 8:08 | Build | Barracks |
| 8:48 | Build | Mining Camp |
| 8:49 | Research | Feudal Age |
| 9:00 | Build | House |
| 9:14 | Build | Palisade Wall |
| 9:17 | Create | Militia |
| 9:18 | Create | Militia |
| 9:18 | Create | Militia |
| 9:18 | Create | Militia |
| 9:18 | Create | Militia |
| 9:33 | Build | Mill |
| 10:37 | Build | Palisade Wall |
| 10:46 | Build | House |
| 11:00 | Age | Feudal Age |
| 11:02 | Research | Man-at-Arms (upgrade) |
| 11:03 | Create | Villager (Male) |
| 11:05 | Research | Double-Bit Axe |
| 11:12 | Build | Archery Range |
| 11:15 | Create | Villager (Male) |
| 11:31 | Create | Villager (Male) |
| 11:47 | Create | Galley |
| 11:52 | Create | Villager (Male) |
| 12:15 | Build | Dock |
| 12:25 | Create | Villager (Male) |
| 12:28 | Create | Skirmisher |
| 12:40 | Create | Villager (Male) |
| 12:48 | Create | Skirmisher |
| 12:52 | Build | House |
| 13:18 | Research | Arson |
| 13:21 | Create | Archer |
| 13:21 | Create | Skirmisher |
| 13:24 | Build | House |
| 13:26 | Create | Villager (Male) |
| 13:28 | Build | Blacksmith |
| 13:35 | Create | Villager (Male) |
| 13:51 | Create | Villager (Male) |
| 14:02 | Create | Villager (Male) |
| 14:08 | Build | Lumber Camp |
| 14:12 | Create | Galley |
| 14:22 | Research | Scale Mail Armor |
| 14:23 | Research | Forging |
| 14:25 | Create | Villager (Male) |
| 14:28 | Build | Farm |
| 14:36 | Build | House |
| 14:48 | Create | Archer |
| 14:48 | Create | Archer |
| 14:52 | Research | Tech 906 |
| 14:57 | Create | Fishing Ship |
| 14:59 | Create | Villager (Male) |
| 15:09 | Build | House |
| 15:10 | Build | House |
| 15:27 | Create | Fishing Ship |
| 15:40 | Build | Dock |
| 15:58 | Research | Fletching |
| 15:59 | Create | Villager (Male) |
| 16:03 | Create | Fishing Ship |
| 16:17 | Create | Villager (Male) |
| 16:20 | Create | Fishing Ship |
| 16:32 | Create | Unit 2626 |
| 16:33 | Create | Unit 2626 |
| 17:00 | Create | Villager (Male) |
| 17:04 | Create | Unit 2626 |
| 17:05 | Create | Fishing Ship |
| 17:06 | Create | Villager (Male) |
| 17:21 | Build | Market |
| 17:44 | Create | Villager (Male) |
| 17:46 | Build | Lumber Camp |
| 18:06 | Build | House |
| 18:07 | Create | Unit 2626 |
| 18:23 | Create | Villager (Male) |
| 18:28 | Build | House |
| 18:42 | Build | House |
| 18:43 | Build | House |
| 18:47 | Research | Castle Age |
| 18:52 | Create | Unit 2626 |
| 19:04 | Create | Fishing Ship |
| 19:16 | Build | Farm |
| 19:17 | Build | Farm |
| 19:19 | Build | Farm |
| 19:26 | Build | House |
| 19:29 | Build | House |
| 19:31 | Build | House |
| 19:36 | Build | Palisade Wall |
| 19:41 | Build | Palisade Wall |
| 19:51 | Create | Militia |
| 19:51 | Create | Militia |
| 19:51 | Create | Militia |
| 19:55 | Build | House |
| 20:06 | Build | House |
| 20:24 | Create | Militia |
| 20:50 | Build | Barracks |
| 21:06 | Create | Militia |
| 21:12 | Create | Fishing Ship |
| 21:13 | Create | Fishing Ship |
| 21:28 | Create | Unit 2626 |
| 21:28 | Age | Castle Age |
| 21:28 | Create | Unit 2626 |
| 21:43 | Research | Squires |
| 21:45 | Research | Long Swordsman (upgrade) |
| 21:50 | Build | Farm |
| 21:59 | Research | War Galley (upgrade) |
| 22:21 | Build | Lumber Camp |
| 22:29 | Research | Bow Saw |
| 22:33 | Build | House |
| 22:36 | Create | Militia |
| 22:36 | Create | Militia |
| 22:37 | Create | Militia |
| 22:38 | Build | Farm |
| 22:49 | Build | Palisade Wall |
| 22:51 | Create | Militia |
| 23:12 | Create | Militia |
| 23:12 | Create | Militia |
| 23:13 | Create | Militia |
| 23:13 | Create | Militia |
| 23:13 | Create | Militia |
| 23:18 | Build | Barracks |
Build order — VLC | DeaH
First 150 of 286 actions detected
| 0:01 | Create | Villager (Male) |
| 0:01 | Create | Villager (Male) |
| 0:02 | Create | Villager (Male) |
| 0:02 | Create | Villager (Male) |
| 0:02 | Create | Villager (Male) |
| 0:03 | Build | House |
| 0:04 | Build | House |
| 1:36 | Create | Villager (Male) |
| 1:36 | Create | Villager (Male) |
| 1:54 | Build | Lumber Camp |
| 1:58 | Create | Villager (Male) |
| 1:59 | Create | Villager (Male) |
| 2:17 | Create | Villager (Male) |
| 2:18 | Create | Villager (Male) |
| 2:46 | Create | Villager (Male) |
| 2:47 | Create | Villager (Male) |
| 3:10 | Create | Villager (Male) |
| 3:10 | Create | Villager (Male) |
| 3:31 | Build | House |
| 3:35 | Create | Villager (Male) |
| 3:35 | Create | Villager (Male) |
| 4:06 | Create | Villager (Male) |
| 4:06 | Create | Villager (Male) |
| 4:19 | Build | Dock |
| 4:41 | Build | House |
| 4:48 | Create | Villager (Male) |
| 4:48 | Create | Villager (Male) |
| 5:03 | Create | Fishing Ship |
| 5:04 | Create | Fishing Ship |
| 5:17 | Create | Villager (Male) |
| 5:50 | Create | Fishing Ship |
| 6:02 | Create | Villager (Male) |
| 6:16 | Create | Villager (Male) |
| 6:27 | Build | House |
| 6:38 | Create | Fishing Ship |
| 6:52 | Research | Loom |
| 7:39 | Research | Feudal Age |
| 7:39 | Research | Feudal Age |
| 8:08 | Build | Mining Camp |
| 8:13 | Create | Fishing Ship |
| 8:38 | Build | Mill |
| 9:02 | Create | Fishing Ship |
| 9:20 | Build | Palisade Wall |
| 9:26 | Build | Palisade Wall |
| 9:27 | Build | Palisade Wall |
| 9:44 | Build | Dock |
| 9:49 | Age | Feudal Age |
| 9:52 | Create | Villager (Male) |
| 10:02 | Research | Double-Bit Axe |
| 10:04 | Create | Villager (Male) |
| 10:33 | Build | Palisade Wall |
| 10:35 | Create | Villager (Male) |
| 10:51 | Build | Blacksmith |
| 10:54 | Build | Palisade Wall |
| 11:01 | Create | Villager (Male) |
| 11:20 | Build | Stone Wall |
| 11:21 | Create | Villager (Male) |
| 11:26 | Build | House |
| 11:31 | Build | House |
| 11:35 | Research | Town Watch |
| 11:36 | Research | Town Watch |
| 11:54 | Build | House |
| 11:59 | Create | Villager (Male) |
| 12:02 | Build | Stone Wall |
| 12:14 | Build | Market |
| 12:22 | Create | Villager (Male) |
| 12:43 | Create | Fishing Ship |
| 12:44 | Create | Fishing Ship |
| 12:52 | Create | Villager (Male) |
| 13:02 | Build | Stone Wall |
| 13:07 | Build | Stone Wall |
| 13:20 | Research | Tech 906 |
| 13:31 | Build | Gate |
| 13:32 | Build | Stone Wall |
| 13:34 | Build | Stone Wall |
| 13:52 | Research | Castle Age |
| 13:53 | Research | Castle Age |
| 14:02 | Build | Stone Wall |
| 14:10 | Build | Stone Wall |
| 14:12 | Build | Stone Wall |
| 14:22 | Create | Fishing Ship |
| 14:24 | Create | Fishing Ship |
| 14:25 | Create | Fishing Ship |
| 14:35 | Build | Barracks |
| 14:37 | Research | Scale Mail Armor |
| 14:37 | Research | Scale Mail Armor |
| 14:45 | Research | Gold Mining |
| 14:45 | Research | Gold Mining |
| 15:22 | Research | Forging |
| 15:27 | Build | Barracks |
| 16:09 | Create | Villager (Male) |
| 16:32 | Age | Castle Age |
| 16:39 | Create | Turtle Ship |
| 16:48 | Create | Villager (Male) |
| 16:53 | Research | Squires |
| 16:54 | Create | Fire Lancer |
| 16:55 | Create | Fire Lancer |
| 17:01 | Build | Siege Workshop |
| 17:04 | Create | Villager (Male) |
| 17:13 | Research | Bow Saw |
| 17:13 | Research | Bow Saw |
| 17:14 | Create | Villager (Male) |
| 17:23 | Create | Turtle Ship |
| 17:28 | Create | Villager (Male) |
| 17:38 | Create | Fire Lancer |
| 17:38 | Create | Fire Lancer |
| 17:38 | Create | Fire Lancer |
| 17:55 | Create | Fire Lancer |
| 17:55 | Create | Fire Lancer |
| 17:56 | Create | Villager (Male) |
| 17:56 | Create | Villager (Male) |
| 17:57 | Create | Villager (Male) |
| 18:28 | Create | Villager (Male) |
| 18:32 | Build | House |
| 18:33 | Build | House |
| 18:35 | Create | Fire Lancer |
| 18:36 | Create | Fire Lancer |
| 19:34 | Research | Chain Mail Armor |
| 19:34 | Research | Chain Mail Armor |
| 19:39 | Create | Iron Pagoda |
| 19:41 | Create | Villager (Male) |
| 19:54 | Build | Town Center |
| 19:55 | Create | Villager (Male) |
| 20:05 | Create | Fishing Ship |
| 20:07 | Create | Villager (Male) |
| 20:41 | Create | Villager (Male) |
| 20:47 | Create | Fire Lancer |
| 20:49 | Create | Fire Lancer |
| 20:50 | Create | Fire Lancer |
| 20:50 | Create | Fire Lancer |
| 20:51 | Create | Fire Lancer |
| 20:51 | Create | Fire Lancer |
| 20:52 | Create | Villager (Male) |
| 20:52 | Create | Villager (Male) |
| 20:53 | Create | Villager (Male) |
| 20:53 | Create | Villager (Male) |
| 20:55 | Build | House |
| 20:58 | Create | Villager (Male) |
| 20:58 | Create | Villager (Male) |
| 21:16 | Create | Fire Lancer |
| 21:16 | Create | Fire Lancer |
| 21:18 | Create | Fire Lancer |
| 21:20 | Create | Villager (Male) |
| 21:20 | Create | Villager (Male) |
| 21:22 | Build | House |
| 21:23 | Build | House |
| 21:23 | Build | House |
| 21:33 | Build | Dock |
| 21:43 | Create | Villager (Male) |
| 21:43 | Create | Villager (Male) |
Match timeline
| 4:19 | VLC | DeaH · first_building Dock |
| 4:58 | AOKI_Baobab · first_building Dock |
| 5:03 | AOKI_Baobab · wall_segment Palisade Wall x1 |
| 5:05 | AOKI_Baobab · wall_segment Palisade Wall x1 |
| 7:17 | AOKI_Baobab · wall_segment Palisade Wall x1 |
| 8:08 | AOKI_Baobab · first_building Barracks |
| 9:14 | AOKI_Baobab · wall_segment Palisade Wall x4 |
| 9:20 | VLC | DeaH · wall_segment Palisade Wall x3 |
| 9:26 | VLC | DeaH · wall_segment Palisade Wall x7 |
| 9:27 | VLC | DeaH · wall_segment Palisade Wall x1 |
| 9:49 | VLC | DeaH · age_up feudal |
| 10:33 | VLC | DeaH · wall_segment Palisade Wall x5 |
| 10:37 | AOKI_Baobab · wall_segment Palisade Wall x7 |
| 10:54 | VLC | DeaH · wall_segment Palisade Wall x4 |
| 11:00 | AOKI_Baobab · age_up feudal |
| 11:12 | AOKI_Baobab · first_building Archery Range |
| 11:20 | VLC | DeaH · wall_segment Stone Wall x8 |
| 12:02 | VLC | DeaH · wall_segment Stone Wall x1 |
| 12:55 | VLC | DeaH · first_market_buy 100 food |
| 13:02 | VLC | DeaH · wall_segment Stone Wall x1 |
| 13:07 | VLC | DeaH · wall_segment Stone Wall x1 |
| 13:32 | VLC | DeaH · wall_segment Stone Wall x1 |
| 13:34 | VLC | DeaH · wall_segment Stone Wall x1 |
| 14:02 | VLC | DeaH · wall_segment Stone Wall x1 |
| 14:10 | VLC | DeaH · wall_segment Stone Wall x1 |
| 14:12 | VLC | DeaH · wall_segment Stone Wall x1 |
| 14:35 | VLC | DeaH · first_building Barracks |
| 16:32 | VLC | DeaH · age_up castle |
| 17:01 | VLC | DeaH · first_building Siege Workshop |
| 18:30 | AOKI_Baobab · first_market_sell 100 wood |
| 18:31 | AOKI_Baobab · first_market_buy 100 food |
| 19:36 | AOKI_Baobab · wall_segment Palisade Wall x5 |
| 19:38 | VLC | DeaH · first_market_sell 100 wood |
| 19:41 | AOKI_Baobab · wall_segment Palisade Wall x1 |
| 21:28 | AOKI_Baobab · age_up castle |
| 22:49 | AOKI_Baobab · wall_segment Palisade Wall x1 |
| 24:13 | AOKI_Baobab · wall_segment Palisade Wall x1 |
| 24:48 | VLC | DeaH · first_building Monastery |
| 24:57 | AOKI_Baobab · first_building Monastery |
| 27:28 | VLC | DeaH · wall_segment Stone Wall x1 |
| 27:34 | VLC | DeaH · wall_segment Stone Wall x1 |
| 27:39 | VLC | DeaH · wall_segment Stone Wall x4 |
| 27:42 | VLC | DeaH · wall_segment Stone Wall x2 |
| 28:50 | VLC | DeaH · wall_segment Palisade Wall x1 |
| 29:44 | AOKI_Baobab · first_building Siege Workshop |
| 31:46 | VLC | DeaH · wall_segment Stone Wall x1 |
| 31:50 | VLC | DeaH · wall_segment Stone Wall x1 |
| 32:15 | VLC | DeaH · wall_segment Stone Wall x1 |
| 32:17 | VLC | DeaH · wall_segment Stone Wall x1 |
| 32:18 | VLC | DeaH · wall_segment Stone Wall x1 |
| 33:16 | AOKI_Baobab · resign |
[ AI ANALYSIS · 1 CREDIT ]
What really happened in this match?
Wolo.gg analyzes every decision: build order, eco, micro, common mistakes by bracket. Personalized analysis on WhatsApp or Discord in 30 seconds.
Civ guide
Aztecs
Perfil
AOKI_Baobab